 Dungeon Crawl Stone Soup version 0.23.2-1-ga50397a (webtiles) character file.

Game seed: 3044327782403103744

65 dengdeng the Chopper (level 3, -8/51 HPs)
             Began as a Minotaur Berserker on Apr 22, 2019.
             Was a Believer of Trog.
             Mangled by Sigmund
             ... wielding a +0 scythe
              (9 damage)
             ... on level 2 of the Dungeon.
             The game lasted 00:04:22 (1505 turns).

dengdeng the Chopper (Minotaur Berserker)           Turns: 1505, Time: 00:04:23

Health: -8/51      AC:  5    Str: 27    XL:     3   Next: 94%
Magic:  2/2        EV: 11    Int:  4    God:    Trog [**....]
Gold:   100        SH:  0    Dex:  9    Spells: 2/2 levels left

rFire    . . .     SeeInvis .   a - +0 hand axe
rCold    . . .     Gourm    .   (no shield)
rNeg     . . .     Faith    .   h - +0 ring mail (curse)
rPois    .         Spirit   .   (helmet restricted)
rElec    .         Reflect  .   (no cloak)
rCorr    .         Harm     .   (no gloves)
MR       .....                  (no boots)
Stlth    ..........             (no amulet)
HPRegen  0.17/turn              (no ring)
MPRegen  0.08/turn              (no ring)

@: berserking, very quick
A: retaliatory headbutt, horns 2
a: Berserk, Trog's Hand, Renounce Religion


You were on level 2 of the Dungeon.
You worshipped Trog.
Trog was pleased with you.
You were hungry.

You visited 1 branch of the dungeon, and saw 2 of its levels.

You collected 100 gold pieces.

Inventory:

Hand Weapons
 a - a +0 hand axe (weapon)
Missiles
 e - 38 stones (quivered)
Armour
 h - a cursed +0 ring mail (worn)
Jewellery
 f - an uncursed ring of protection from fire {unknown}
Scrolls
 b - 2 scrolls of enchant weapon {unknown}
 d - 2 scrolls of teleportation {unknown}
 g - a scroll of fog {unknown}
 i - 2 scrolls of identify {unknown}
 j - a scroll of remove curse {unknown}
 k - a scroll of immolation {unknown}
 l - a scroll of magic mapping {unknown}
Potions
 m - a potion of might {unknown}
Comestibles
 c - a ration


   Skills:
 + Level 4.4 Fighting
 + Level 4.8 Axes
 + Level 2.9 Armour
 + Level 2.5 Dodging


You had 2 spell levels left.
You didn't know any spells.
Your spell library was empty.

Dungeon Overview and Level Annotations

Branches:
Dungeon (2/15)

Altars:

Annotations:
D:2 Sigmund


Innate Abilities, Weirdness & Mutations

You reflexively headbutt those who attack you in melee.
You have a pair of horns on your head.


Message History

Something hits you.
* * * LOW HITPOINT WARNING * * *
The ooze hits you but does no damage.
Unknown command.
You feel less confused. The ooze hits you but does no damage.
Something hits you.
* * * LOW HITPOINT WARNING * * *
Unknown command.
A red film seems to cover your vision as you go berserk!
You feel yourself moving faster!
You feel mighty!
You are feeling hungry.
The ooze barely misses you. You furiously retaliate!
You headbutt the ooze!
You kill the ooze!
Trog accepts your kill.
You closely miss something. Something hits you!
* * * LOW HITPOINT WARNING * * *
You miss something.
Unknown command.
You slash something! Your headbutt misses something. Something hits you!
You die...

#.......#############
#.......##### #
#...........#
#.......###.#
#####.###<#.#
.######.###.#.#########
.................).....
...#####.###.#.#########
..>.%..@.........
..######{##..#.###
#.##..#.# ...#..#.#
....#..#.. .....#..###
......# .......#


There were no monsters in sight!

Vanquished Creatures
  Natasha (D:2)
  An adder (D:2)
  An ooze (D:2)
  A dart slug (D:1)
  2 bats (D:1)
  A giant cockroach (D:1)
  2 hobgoblins
  4 jackals (D:1)
  3 kobolds (D:1)
  A frilled lizard (D:1)
  2 goblins
  5 rats
24 creatures vanquished.

Notes
Turn   | Place    | Note
-------+----------+-------------------------------------------
     0 | D:1      | dengdeng the Minotaur Berserker began the quest for the
                  | Orb.
     0 | D:1      | Reached XP level 1. HP: 19/19 MP: 0/0
   162 | D:1      | Reached XP level 2. HP: 25/27 MP: 1/1
  1041 | D:2      | Reached XP level 3. HP: 21/33 MP: 2/2
  1175 | D:2      | Noticed Natasha
  1194 | D:2      | Killed Natasha
  1194 | D:2      | Reached ** piety under Trog
  1485 | D:2      | Noticed Sigmund
  1503 | D:2      | HP: 1/51 [something (7)]
  1505 | D:2      | Mangled by Sigmund

Skill      XL: |  1  2 |
---------------+-------+-----
Axes           | 4 |  4.8
Fighting       | 4 |  4.4
Armour         | |  2.9
Dodging        | |  2.5

Action                   || total
-------------------------++-------
Melee: Hand axe          ||    73
       Headbutt          ||     9
Invok: Berserk           ||     2
  Eat: Chunk             ||     3
Armor: Leather armour    ||     4
       Ring mail         ||    22
Dodge: Dodged            ||    54
